 Dungeon Crawl Stone Soup version 0.23.2-40-g277498a001 (webtiles) character file.

Game seed: 15336185161379966563

395 Emblim88 the Grasshopper (level 6, -10/51 HPs)
             Began as a Gnoll Warper on Aug 19, 2019.
             Was an Initiate of Sif Muna.
             Mangled by an ogre
             ... wielding a +0 giant club
              (28 damage)
             ... on level 4 of the Dungeon.
             The game lasted 00:10:30 (3654 turns).

Emblim88 the Grasshopper (Gnoll Warper)             Turns: 3654, Time: 00:10:30

Health: -10/51     AC:  5    Str: 14    XL:     6   Next: 82%
Magic:  8/14       EV: 15    Int: 15    God:    Sif Muna [......]
Gold:   181        SH:  0    Dex: 16    Spells: 1/15 levels left

rFire    . . .     SeeInvis .   a - +0 falchion
rCold    . . .     Gourm    .   (no shield)
rNeg     . . .     Faith    .   b - +0 leather armour
rPois    .         Spirit   .   k - +0 helmet
rElec    .         Reflect  .   r - +0 cloak
rCorr    .         Harm     .   (no gloves)
MR       +....                  (no boots)
Stlth    ++........             (no amulet)
HPRegen  0.17/turn              c - ring of protection from magic
MPRegen  0.14/turn              (no ring)

@: no status effects
A: distributed training, fangs 1, strong nose
a: Renounce Religion


You were on level 4 of the Dungeon.
You worshipped Sif Muna.
Sif Muna was noncommittal.
You were not hungry.

You visited 1 branch of the dungeon, and saw 4 of its levels.

You collected 181 gold pieces.

Inventory:

Hand Weapons
 a - a +0 falchion (weapon)
 q - a +3 quarterstaff of chaos
Missiles
 e - 5 tomahawks of dispersal
 i - 4 tomahawks
 w - 32 poisoned needles (quivered)
Armour
 b - a +0 leather armour (worn)
 k - a +0 helmet (worn)
 r - a +0 cloak (worn)
Magical Staves
 p - an uncursed staff of fire {unknown}
Jewellery
 c - a ring of protection from magic (left hand)
Wands
 o - a wand of enslavement (4)
Scrolls
 d - 2 scrolls of blinking
 g - a scroll of enchant weapon {unknown}
 j - a scroll of teleportation
 l - a scroll of remove curse
 n - a scroll of amnesia
 u - a scroll of enchant armour {unknown}
Potions
 h - a potion of mutation
 m - a potion of degeneration {unknown}
 s - a potion of heal wounds {unknown}
 t - a potion of might {unknown}
 v - a potion of ambrosia {unknown}
Comestibles
 f - 9 rations


   Skills:
 + Level 5.0 Fighting
 + Level 2.1 Short Blades
 + Level 5.0 Long Blades
 + Level 2.1 Axes
 + Level 2.1 Maces & Flails
 + Level 2.1 Polearms
 + Level 2.1 Staves
 + Level 2.1 Slings
 + Level 2.1 Bows
 + Level 2.1 Crossbows
 + Level 3.3 Throwing
 + Level 3.3 Armour
 + Level 5.0 Dodging
 + Level 2.1 Stealth
 + Level 2.1 Shields
 + Level 2.1 Unarmed Combat
 + Level 5.4 Spellcasting
 + Level 1.6 Conjurations
 + Level 1.6 Hexes
 + Level 1.6 Charms
 + Level 1.6 Summonings
 + Level 1.6 Necromancy
 + Level 5.7 Translocations
 + Level 1.6 Transmutations
 + Level 1.6 Fire Magic
 + Level 1.6 Ice Magic
 + Level 1.6 Air Magic
 + Level 1.6 Earth Magic
 + Level 1.6 Poison Magic
 + Level 2.3 Invocations
 + Level 2.1 Evocations


You had one spell level left.
You knew the following spells:

 Your Spells              Type           Power        Failure   Level  Hunger
a - Lesser Beckoning      Tloc           ###.......   5%          3    ###....
b - Shroud of Golubria    Chrm/Tloc      ###.......   6%          2    #......
c - Blink                 Tloc           N/A          2%          2    #......
d - Teleport Other        Tloc           ###.....     5%          3    ###....
e - Passage of Golubria   Tloc           N/A          19%         4    ####...

Your spell library contained the following spells:

 Spells                   Type           Power        Failure   Level  Hunger
 Gell's Gravitas          Tloc           ###.......   5%          3    ###....


Dungeon Overview and Level Annotations

Branches:
Dungeon (4/15)
 Temple: D:4-7

Altars:
Ashenzari
Hepliaklqana
Sif Muna
Yredelemnul


Innate Abilities, Weirdness & Mutations

Your experience applies equally to all skills.
You have very sharp teeth.
Your uncanny sense of smell can sniff out nearby items.


Message History

Okay, then.
Casting: Passage of Golubria (slightly dangerous; 19% risk of failure)
Confirm with . or Enter, or press ? or * to list all spells.
You blink.
The ogre closely misses you.
You hit the ooze but do no damage. You bite the ooze, but do no damage.
The ooze hits you but does no damage. The ogre hits you with a +0 giant club!
The ooze hits you but does no damage.
You hit the ogre but do no damage. The ogre completely misses you.
The ooze hits you but does no damage.
You hit the ogre.
The ogre is lightly wounded.
The ooze hits you but does no damage. The ogre hits you with a +0 giant club.
You hit the ogre. You bite the ogre.
The ogre is lightly wounded.
The ooze barely misses you.
You hit the ogre.
The ogre is moderately wounded.
The ogre hits you with a +0 giant club!!
Ouch! That really hurt!
You die...

#.......#
###
#^.#.##.#
∆
#+###..#.#
#.....#..#
#.#...#.##
###...#.#
#.#)..#.#
∆
#JO...#.#
#@###...#
#...#...#
$...#...#
...####..#
..... ..#
...... .#
.......
#########


You could see an ogre and an ooze.

Vanquished Creatures
  An ogre (D:4)
  A hound (D:4)
  Crazy Yiuf (D:2)
  2 orc priests
  A worker ant (D:4)
  3 gnolls (D:3)
  6 adders
  An ooze (D:1)
  3 worms (D:2)
  5 dart slugs
  A leopard gecko (D:1)
  13 orcs
  2 giant cockroaches
  A goblin (D:1)
  8 hobgoblins
  2 jackals (D:3)
  A quokka (D:3)
  6 bats
  5 frilled lizards
  3 kobolds
  A quokka skeleton (D:4)
  6 rats
73 creatures vanquished.

Notes
Turn   | Place    | Note
-------+----------+-------------------------------------------
     0 | D:1      | Emblim88 the Gnoll Warper began the quest for the Orb.
     0 | D:1      | Reached XP level 1. HP: 20/20 MP: 6/6
   111 | D:1      | Reached XP level 2. HP: 25/26 MP: 7/7
   314 | D:1      | Reached XP level 3. HP: 25/31 MP: 9/9
   333 | D:1      | Reached skill level 5 in Spellcasting
   569 | D:1      | Learned a level 3 spell: Lesser Beckoning
   572 | D:1      | Learned a level 2 spell: Shroud of Golubria
   575 | D:1      | Learned a level 2 spell: Blink
   579 | D:1      | Learned a level 3 spell: Teleport Other
   634 | D:2      | Reached skill level 1 in Invocations
   687 | D:2      | Reached skill level 1 in Short Blades
   687 | D:2      | Reached skill level 1 in Axes
   687 | D:2      | Reached skill level 1 in Maces & Flails
   687 | D:2      | Reached skill level 1 in Polearms
   687 | D:2      | Reached skill level 1 in Staves
   687 | D:2      | Reached skill level 1 in Slings
   687 | D:2      | Reached skill level 1 in Bows
   687 | D:2      | Reached skill level 1 in Crossbows
   687 | D:2      | Reached skill level 1 in Stealth
   687 | D:2      | Reached skill level 1 in Shields
   687 | D:2      | Reached skill level 1 in Unarmed Combat
   687 | D:2      | Reached skill level 1 in Evocations
   687 | D:2      | Reached XP level 4. HP: 22/38 MP: 11/11
   939 | D:2      | Found a shattered altar of Ashenzari.
   940 | D:2      | Found a basalt altar of Yredelemnul.
   941 | D:2      | Found a hazy altar of Hepliaklqana.
  1498 | D:2      | Found a runed translucent door.
  1499 | D:2      | Noticed Crazy Yiuf
  1514 | D:2      | Killed Crazy Yiuf
  1514 | D:2      | Reached skill level 1 in Conjurations
  1514 | D:2      | Reached skill level 1 in Hexes
  1514 | D:2      | Reached skill level 1 in Charms
  1514 | D:2      | Reached skill level 1 in Summonings
  1514 | D:2      | Reached skill level 1 in Necromancy
  1514 | D:2      | Reached skill level 1 in Transmutations
  1514 | D:2      | Reached skill level 1 in Fire Magic
  1514 | D:2      | Reached skill level 1 in Ice Magic
  1514 | D:2      | Reached skill level 1 in Air Magic
  1514 | D:2      | Reached skill level 1 in Earth Magic
  1514 | D:2      | Reached skill level 1 in Poison Magic
  1514 | D:2      | Reached XP level 5. HP: 25/43 MP: 10/12
  1697 | D:2      | Learned a level 4 spell: Passage of Golubria
  3018 | D:3      | Reached XP level 6. HP: 49/50 MP: 13/13
  3217 | D:3      | Found a deep blue altar of Sif Muna.
  3229 | D:3      | Became a worshipper of Sif Muna the Loreminder
  3347 | D:4      | Reached skill level 5 in Fighting
  3347 | D:4      | Reached skill level 5 in Long Blades
  3347 | D:4      | Reached skill level 5 in Dodging
  3654 | D:4      | Mangled by an ogre

Skill      XL: |  1  2  3  4  5  6 |
---------------+-------------------+-----
Spellcasting   | 5 |  5.4
Invocations    | 1 2 |  2.3
Short Blades   | 1 2 |  2.1
Axes           | 1 2 |  2.1
Maces & Flails | 1 2 |  2.1
Polearms       | 1 2 |  2.1
Staves         | 1 2 |  2.1
Slings         | 1 2 |  2.1
Bows           | 1 2 |  2.1
Crossbows      | 1 2 |  2.1
Stealth        | 1 2 |  2.1
Shields        | 1 2 |  2.1
Unarmed Combat | 1 2 |  2.1
Evocations     | 1 2 |  2.1
Conjurations   | 1 |  1.6
Hexes          | 1 |  1.6
Charms         | 1 |  1.6
Summonings     | 1 |  1.6
Necromancy     | 1 |  1.6
Transmutations | 1 |  1.6
Fire Magic     | 1 |  1.6
Ice Magic      | 1 |  1.6
Air Magic      | 1 |  1.6
Earth Magic    | 1 |  1.6
Poison Magic   | 1 |  1.6
Throwing       | 3 |  3.3
Armour         | 3 |  3.3
Fighting       | 5 |  5.0
Long Blades    | 5 |  5.0
Dodging        | 5 |  5.0
Translocations | |  5.7

Action                   |  1- 3 |  4- 6 || total
-------------------------+-------+-------++-------
Melee: Falchion          |    72 |   183 ||   255
       Bite              |    10 |    24 ||    34
       Punch             |     1 |     1 ||     2
 Cast: Shroud of Golubri |     1 |     2 ||     3
       Passage of Golubr |       |     3 ||     3
       Blink             |       |     2 ||     2
       Teleport Other    |       |     1 ||     1
  Use: Potion            |       |     2 ||     2
       Scroll            |       |     4 ||     4
 Stab: Sleeping          |     1 |     2 ||     3
  Eat: Ration            |       |     2 ||     2
       Chunk             |       |     5 ||     5
Armor: Leather armour    |    12 |    44 ||    56
Dodge: Dodged            |    47 |   201 ||   248
       Rpst.: Falchion   |    18 |    63 ||    81
